Map: Prüfung von Aiur LE

Players

Panda - Winner!

  • Race: Zerg Zerg
  • League: Diamond
  • Spawn Location: 11:00

apocalisse

  • Race: Zerg Zerg
  • Spawn Location: 5:00

VOD

Have the link to the VOD?

Description

Time

  • Played on: Sept. 9, 2017, 8:54 p.m.
  • Length: 3:33
Show
View Real Time Build Order
Export as new Build Order

Panda Zerg - Winner!

Build Orders: Pool Only 

Get SALT Encoding   

  12  0:01  Drone  
  13  0:18  Extractor  
  12  0:24  Spawning Pool  
  12  0:28  Drone  
  12  0:33  Drone  
  13  0:37  Drone  
  14  0:46  Overlord  
  14  1:11  Zergling x4  
  16  1:12  Zergling x2  
  16  1:14  Queen  
  19  1:24  Metabolic Boost  
  19  1:28  Zergling x2  
  20  1:33  Zergling x2  
  21  1:43  Zergling x2  
  22  1:49  Baneling Nest  
  21  1:55  Overlord  
  21  2:05  Zergling x2  
  22  2:19  Zergling x2  
  23  2:31  Zergling x4  
  25  2:43  Zergling x4  
  27  2:56  Zergling x2  
  25  3:06  Baneling  
  25  3:07  Baneling x5  
  25  3:10  Zergling x4  
Show
View Real Time Build Order
Export as new Build Order

apocalisse Zerg 

Build Orders: Hatch First 

Get SALT Encoding   

  12  0:01  Drone  
  13  0:12  Overlord  
  13  0:17  Drone  
  14  0:23  Extractor  
  14  0:24  Drone  
  15  0:30  Drone  
  15  0:34  Drone  
  17  0:45  Drone  
  18  0:56  Hatchery  
  17  0:59  Drone  
  17  1:02  Extractor  
  17  1:07  Drone  
  18  1:18  Spawning Pool  
  17  1:21  Drone  
  18  1:28  Drone  
  19  1:39  Overlord  
  19  1:50  Drone  
  20  2:05  Metabolic Boost  
  20  2:06  Queen  
  20  2:07  Spine Crawler, Zergling x2  
  22  2:13  Zergling x2  
  22  2:14  Zergling x2  
  24  2:21  Drone  
  24  2:22  Zergling x2  
  25  2:30  Zergling x2  
  25  2:32  Zergling x2  
  21  3:09  Zergling x2  
Tags
 
League
Diamond
Matchup
ZvZ
Race
Zerg
Replay Pack
replays1
Spawn Locations
Cross Positions
Add a new tag
Caveats
  • Supply blocks, unpowered buildings, or Contaminate may cause inaccurate times.
  • Supply counts are checked every 10 seconds.